 Dungeon Sprint DCSS version 0.29-a0-284-gf9362112df (webtiles) character file.

Game seed: 18147506445101264700

1271 mhtbhm the Fighter (level 8, -5/88 HPs)
             Began as a Minotaur Berserker on Mar 26, 2022.
             Was a High Priest of Trog.
             Slain by Snorg (10 damage)
             ... in the Dungeon (Sprint III: "The Ten Rune Challenge").
             The game lasted 00:01:12 (968 turns).

mhtbhm the Fighter (Minotaur Berserker)              Turns: 968, Time: 00:01:13

Health: -5/88      AC:  8    Str: 23    XL:     8   Next: 28%
Magic:  7/7        EV: 13    Int:  4    God:    Trog [*****.]
Gold:   55         SH:  0    Dex: 11    Spells: 7/7 levels left

rFire   . . .      SeeInvis .   a - +0 spear
rCold   . . .      Faith    .   (no shield)
rNeg    . . .      Spirit   .   b - +0 ring mail
rPois   .          Reflect  .   (helmet restricted)
rElec   .          Harm     .   (no cloak)
rCorr   .          Rampage  .   o - +0 pair of gloves
Will    .....      NoTele   +   (no boots)
Stlth   +.........              (no amulet)
HPRegen 0.24/turn               (no ring)
MPRegen 0.10/turn               (no ring)

@: hasted, very quick
A: horns 2, retaliatory headbutt
a: Renounce Religion, Berserk, Trog's Hand, Brothers in Arms


You were in the Dungeon.
You worshipped Trog.
Trog was extremely pleased with you.
You visited 1 branch You collected 55 gold pieces.

Inventory:

Hand Weapons
 a - a +0 spear (weapon)
Armour
 b - a +0 ring mail (worn)
 o - a +0 pair of gloves (worn)
Scrolls
 h - a scroll of blinking
 j - 2 scrolls of immolation {unknown}
 k - 3 scrolls of identify {unknown}
Potions
 c - 2 potions of curing
 d - a potion of heal wounds
 e - a potion of haste
 f - 2 potions of magic
 g - a potion of berserk rage
 i - 2 potions of mutation {unknown}
 l - a potion of attraction {unknown}
 m - 3 potions of flight
 n - a potion of might
Miscellaneous
 p - a tin of tremorstones (2/2)


   Skills:
 + Level 13.7 Fighting
 + Level 13.5 Polearms
 + Level 9.0 Armour
 + Level 7.3 Dodging


You had 7 spell levels left.
You didn't know any spells.
Your spell library was empty.

Dungeon Overview and Level Annotations

Branches:
Dungeon (1/1)

Altars:
Cheibriados
Dithmenos
Elyvilon
Fedhas
Gozag
Hepliaklqana
Kikubaaqudgha
Makhleb
Nemelex Xobeh
Okawaru
Qazlal
Ru
Sif Muna
Trog
Uskayaw
Vehumet
Wu Jian
Xom
Yredelemnul
Zin
The Shining One
Beogh
Jiyva
Lugonu

Annotations:
D Snorg


Innate Abilities, Weirdness & Mutations

You have a pair of horns on your head.
You reflexively headbutt those who attack you in melee.


Message History

No target in view!
No target in view!
No target in view!
No target in view!
No target in view!
No target in view!
No target in view!
No target in view!
No target in view!
No target in view!
No target in view!
There is an opulent altar of Gozag here.
There is a sparkling altar of Nemelex Xobeh here.
You see here a tin of tremorstones (2/2).
p - a tin of tremorstones (2/2)
There is an opulent altar of Gozag here.
There is a hazy altar of Hepliaklqana here.
There is a snail-covered altar of Cheibriados here.
There is a blossoming altar of Fedhas here.
There is an open door here.
You open the door.
There is an open door here.
Snorg the Insatiable comes into view.
Snorg shouts!
Snorg goes berserk!
You feel yourself speed up. Snorg attacks as you move away!
Snorg closely misses you. Snorg claws you. Snorg completely misses you.
Snorg rages.
There is an open door here.
Snorg attacks as you move away! Snorg bites you! Snorg claws you!!
Snorg claws you but does no damage. Snorg bites you!!
* * * LOW HITPOINT WARNING * * *
Snorg claws you but does no damage. Snorg claws you!
* * * LOW HITPOINT WARNING * * *
Snorg bites you!
* * * LOW HITPOINT WARNING * * *
Snorg claws you!
You die...

♣.#___#___#__# ♣
♣♣.#.).#__)#._#
♣♣♣♣..###'#†###)##
..♣♣..#..........#
≈♣..♣.'.⌠........#
≈≈≈♣♣.#...######'#
≈≈....#.⌠.#__#...#+#####
≈.....#...#__#...#..≈§≈+
......#)###__#..@#.#§§≈#
......#.).#__#...T.#§§.#
......#___#__'...#.#.§.#
▓▓▓▓▓▓▓▓▓▓▓▓▓▓▓▓▓▓▓▓▓▓▓▓


You could see Snorg (berserk).

Vanquished Creatures
  A deep elf pyromancer (D)
  A shadow (D)
  A spatial vortex (D)
  A scorpion (D)
  A necrophage (D)
  A water elemental (D)
  A jelly (D)
  A necromancer (D)
  3 humans (D)
  A kobold demonologist (D)
  2 endoplasms (D)
  2 rats (D)
16 creatures vanquished.

Vanquished Creatures (others)
  A wizard (D)
1 creature vanquished.

Grand Total: 17 creatures vanquished

Notes
Turn   | Place    | Note
-------+----------+-------------------------------------------
     0 | D        | mhtbhm the Minotaur Berserker began the quest for the Orb.
     0 | D        | Reached XP level 1. HP: 19/19 MP: 0/0
    28 | D        | Reached ** piety under Trog
    84 | D        | Reached skill level 5 in Fighting
    84 | D        | Reached skill level 5 in Polearms
    84 | D        | Reached XP level 2. HP: 29/29 MP: 1/1
   158 | D        | Noticed a scorpion
   163 | D        | Killed a scorpion
   164 | D        | Reached XP level 3. HP: 31/39 MP: 2/2
   164 | D        | Reached XP level 4. HP: 38/47 MP: 3/3
   219 | D        | Noticed a water elemental
   225 | D        | Killed a water elemental
   225 | D        | Reached *** piety under Trog
   226 | D        | Reached XP level 5. HP: 53/53 MP: 4/4
   297 | D        | Found a basalt altar of Yredelemnul.
   297 | D        | Found a shadowy altar of Dithmenos.
   297 | D        | Found a sacrificial altar of Ru.
   305 | D        | Reached skill level 5 in Armour
   307 | D        | Reached skill level 5 in Dodging
   343 | D        | Found a glowing silver altar of Zin.
   343 | D        | Found a glowing golden altar of the Shining One.
   343 | D        | Found a white marble altar of Elyvilon.
   344 | D        | Noticed a deep elf pyromancer
   352 | D        | Noticed a fire elemental
   354 | D        | Killed a deep elf pyromancer
   354 | D        | Reached **** piety under Trog
   355 | D        | Reached XP level 6. HP: 57/70 MP: 5/5
   355 | D        | Reached XP level 7. HP: 63/77 MP: 6/6
   417 | D        | Found a radiant altar of Vehumet.
   417 | D        | Found a shimmering blue altar of Sif Muna.
   417 | D        | Found an ancient bone altar of Kikubaaqudgha.
   424 | D        | Noticed a hellwing
   427 | D        | Noticed an ice devil
   579 | D        | Found a hide-covered altar of Uskayaw.
   579 | D        | Found an iron altar of Okawaru.
   579 | D        | Found a bloodstained altar of Trog.
   579 | D        | Found an ornate altar of the Wu Jian Council.
   579 | D        | Noticed a human
   579 | D        | Noticed a human
   584 | D        | Killed a human
   589 | D        | Killed a human
   611 | D        | Noticed a shadow
   618 | D        | Reached ***** piety under Trog
   619 | D        | Reached XP level 8. HP: 59/86 MP: 7/7
   928 | D        | Found a blossoming altar of Fedhas.
   928 | D        | Found a stormy altar of Qazlal.
   928 | D        | Found a snail-covered altar of Cheibriados.
   928 | D        | Found a burning altar of Makhleb.
   928 | D        | Found a shimmering altar of Xom.
   929 | D        | Found a hazy altar of Hepliaklqana.
   929 | D        | Found an opulent altar of Gozag.
   929 | D        | Found a sparkling altar of Nemelex Xobeh.
   929 | D        | Found a corrupted altar of Lugonu.
   929 | D        | Found a viscous altar of Jiyva.
   962 | D        | Noticed Snorg
   968 | D        | Slain by Snorg

Illustrated notes

Levels and vault maps discovered:
D:        dungeon_sprint_mu [sprint_mu_entry_forest, sprint_mu_temple_rooms,
          sprint_mu_d1_horrors, sprint_mu_d2_genie, sprint_mu_d3_branching,
          sprint_mu_orc_legion, sprint_mu_elf_gauntlet, sprint_mu_hive_nellie,
          sprint_mu_lair_fedhas, sprint_mu_vaults_butterflies,
          sprint_mu_slime_circle, sprint_mu_shoals_kraken,
          sprint_mu_snake_twists, sprint_mu_blade_basic, sprint_mu_crypt_lich,
          sprint_mu_tomb_spiral, sprint_mu_vestibule_basic,
          sprint_mu_gehenna_hellfire, sprint_mu_dis_giant,
          sprint_mu_tartarus_statrot, sprint_mu_cocytus_islands, sprint_mu_zot1]

Skill      XL: |  1  2  3  4  5  6  7  8 |
---------------+-------------------------+-----
Fighting       | 5 7 8 12 13 | 13.7
Polearms       | 5 7 8 12 13 | 13.5
Armour         | 3 4 7 8 9 |  9.0
Dodging        | 3 4 6 7 |  7.3

Action                   |  1- 3 |  4- 6 |  7- 9 || total
-------------------------+-------+-------+-------++-------
Melee: Spear             |    13 |    23 |    58 ||    94
       Headbutt          |     4 |     4 |    10 ||    18
       Punch             |       |     2 |     1 ||     3
Invok: Berserk           |     1 |     2 |     2 ||     5
  Use: Potion            |       |       |     1 ||     1
Armor: Ring mail         |     1 |     2 |     6 ||     9
Dodge: Dodged            |     3 |     3 |     9 ||    15

Table legend: (Time is in decaauts)
 A = Elapsed time spent in this place.
 B = Non-inter-level travel time spent in this place.
 C = Inter-level travel time spent in this place.
 D = Time resting spent in this place.
 E = Time spent auto-exploring this place.
 F = Levels seen in this place.
 G = Mean time per level.
                   A        B        C        D        E       F      G
               +--------+--------+--------+--------+--------+-----+--------+
         Total |    984 |    984 |      0 |    717 |     11 |   1 |  984.0 |
       Dungeon |    984 |    984 |      0 |    717 |     11 |   1 |  984.0 |
               +--------+--------+--------+--------+--------+-----+--------+

Top non-repeatable levels by time:
       D: 984 daAuts
